Eagles vs Rampage
Created - November 1, 2023 at 19:54
Goals
|
| Eagles |
1 |
0 |
2 |
3 |
| Rampage |
0 |
0 |
1 |
1 |
|
Shots
|
| Eagles |
14 |
8 |
16 |
38 |
| Rampage |
9 |
12 |
7 |
28 |
|
1st period
1. Eagles , Anthony Duclair 2 (Joseph Blandisi 2, Jared McCann 3) at 17:27
Penalties :
Ethan Bear (San) for Roughing (Minor) at 4:49
2nd period
No Goal
Penalties :
Gabriel Vilardi (Col) for Holding (Minor) at 2:49, Artturi Lehkonen (San) for Hooking (Minor) at 13:58, Jack Dougherty (Col) for Tripping (Minor) at 18:47
3rd period
2. Rampage , Artturi Lehkonen 1 (Dylan Sikura 2, Dylan Blujus 5) at 14:31
3. Eagles , Joseph Blandisi 4 (Matteson Iacopelli 4, Drake Caggiula 5) at 18:18 (PP)
4. Eagles , Chris Calhan 2 (Ryan Murphy 2, Zach Aston-Reese 3) at 18:26
Penalties :
Rourke Chartier (San) for Hooking (Minor) at 8:04, Michael Dal Colle (Col) for Interference (Minor) at 15:42, Frederic Allard (San) for Kneeing (Minor) at 18:03
Goalie Stats
Adin Hill (Col), 27 saves from 28 shots - (0.964), W, 1-5-2, 60:00 minutes
Jake Oettinger (San), 35 saves from 38 shots - (0.921), L, 5-3-0, 60:00 minutes
Players Stats for Eagles
Player Name G A P +/- PIM S H SB GA TA FO MP PP MP PK MP
------------------------------------------------------------------------------------
Anthony Duclair 1 0 1 1 0 7 1 0 0 0 1/1 17:42 3:03 0:00
Chris Calhan 1 0 1 1 0 5 0 0 0 0 0/0 11:25 0:00 0:00
Drake Caggiula 0 1 1 0 0 1 2 1 0 0 10/14 20:04 3:09 2:46
Gabriel Vilardi 0 0 0 0 2 1 2 0 0 0 0/0 15:17 0:12 0:49
Jack Dougherty 0 0 0 0 2 0 2 0 0 1 0/0 24:10 3:54 2:15
Jared McCann 0 1 1 1 0 3 1 0 0 1 10/19 17:28 0:00 2:10
Jonathan Racine 0 0 0 1 0 5 1 1 0 1 0/0 21:52 2:18 2:04
Joseph Blandisi 1 1 2 1 0 3 1 0 0 1 1/2 20:24 3:09 2:55
Keaton Middleton 0 0 0 0 0 0 0 3 0 0 0/0 23:22 2:18 3:21
Mark Friedman 0 0 0 0 0 0 1 0 0 2 0/0 12:06 0:00 0:21
Matteson Iacopelli 0 1 1 -1 0 2 0 0 0 0 0/1 10:24 3:09 0:00
Mattias Samuelsson 0 0 0 0 0 1 1 1 0 1 0/0 11:58 0:00 0:00
Michael Carcone 0 0 0 0 0 2 0 2 0 0 3/3 17:45 2:51 0:44
Michael Dal Colle 0 0 0 1 2 2 1 0 0 0 0/0 12:23 0:00 0:48
Ryan Murphy 0 1 1 1 0 2 0 0 0 0 0/0 26:32 3:54 3:53
Sam Steel 0 0 0 -1 0 0 0 1 0 0 0/0 7:44 0:00 0:00
Tyler Motte 0 0 0 -1 0 3 1 0 0 0 0/0 9:28 0:00 1:21
Zach Aston-Reese 0 1 1 1 0 1 0 0 0 0 7/9 13:56 3:03 0:21
Players Stats for Rampage
Player Name G A P +/- PIM S H SB GA TA FO MP PP MP PK MP
------------------------------------------------------------------------------------
Anthony Richard 0 0 0 -1 0 3 1 0 0 0 3/12 17:09 2:43 0:52
Artturi Lehkonen 1 0 1 0 2 2 1 0 0 0 0/0 12:02 0:15 0:57
Dominik Simon 0 0 0 0 0 3 2 1 1 0 0/1 20:58 2:59 0:54
Dylan Blujus 0 1 1 0 0 0 1 2 1 0 0/0 22:01 0:54 3:17
Dylan Sikura 0 1 1 0 0 3 4 0 0 0 0/0 12:34 0:00 1:39
Emil Bemstrom 0 0 0 0 0 1 1 0 0 0 0/0 7:01 0:12 0:00
Ethan Bear 0 0 0 -1 2 1 1 1 1 0 0/0 25:14 3:42 1:41
Frederic Allard 0 0 0 0 2 1 0 0 0 0 0/0 13:01 0:00 0:56
Henri Jokiharju 0 0 0 0 0 0 3 1 0 0 0/0 21:39 2:15 3:17
Jeremy Lauzon 0 0 0 -1 0 2 3 2 2 0 0/0 24:45 3:42 2:55
Joachim Blichfeld 0 0 0 0 0 5 3 0 1 0 1/1 19:32 2:37 0:00
Jordan Kyrou 0 0 0 -1 0 2 2 0 1 0 0/0 16:26 3:02 0:00
Matt Roy 0 0 0 0 0 0 0 0 0 0 0/0 13:20 1:21 0:18
Paul Cotter 0 0 0 0 0 0 0 0 0 0 0/0 8:47 2:43 0:00
Pierre Engvall 0 0 0 -1 0 0 3 0 0 0 1/1 16:53 0:00 3:19
Rasmus Kupari 0 0 0 0 0 0 1 1 0 0 0/6 10:00 0:21 3:04
Rourke Chartier 0 0 0 0 2 3 3 0 0 0 10/23 19:58 2:59 0:00
Zach Stepan 0 0 0 0 0 2 1 0 0 0 2/5 12:24 0:00 1:39
3 Stars
1 - Joseph Blandisi (Col)
2 - Adin Hill (Col)
3 - Anthony Duclair (Col)
Power Play
Eagles - 1 on 4 Attempt(s) - 25.00%
Rampage - 0 on 3 Attempt(s) - 0.00%
Penalty Kill
Eagles - 3 on 3 Attempt(s) - 100.00%
- Score 0 goal in Penalty Kill
Rampage - 3 on 4 Attempt(s) - 75.00%
- Score 0 goal in Penalty Kill
Team Stat
Eagles - Hits : 14 - Faceoff Wins : 32 - Blocked Shots : 9 - Penalty Minutes : 6
Rampage - Hits : 30 - Faceoff Wins : 17 - Blocked Shots : 8 - Penalty Minutes : 8
Official
Referees : Jean Hebert and Garrett Rank
Linesman : Kiel Murchison and Julien Fournier
Game Notes
Matt Roy is injured at 1:46 of 3rd period (Broken Bone (Left Foot))
7:27 of 3rd period - Rampage goal is going for a video replay. After video review, No Goal. The referee deems the play has been stopped, even if he had not physically had the opportunity to stop play by blowing his whistle.
Finance
Level 1 -- Attendance: 2000 (100.00%) -- Ticket Income $140,000
Level 2 -- Attendance: 900 (90.00%) -- Ticket Income $36,000
Total Attendance: 2900 (96.67%)
Total Ticket Income: $176,000
Other Income: $8,800
Total Income: $184,800
Eagles
5 vs 5 Forward
Center Left Wing Right Wing Time % Phy DF OF
1 Jared McCann Joseph Blandisi Anthony Duclair 36 1 2 2
2 Drake Caggiula Michael Carcone Gabriel Vilardi 31 1 2 2
3 Zach Aston-Reese Michael Dal Colle Chris Calhan 20 1 2 2
4 Sam Steel Tyler Motte Matteson Iacopelli 13 1 2 2
5 vs 5 Defense
Defense Defense Time % Phy DF OF
1 Jonathan Racine Ryan Murphy 38 1 2 2
2 Keaton Middleton Jack Dougherty 37 1 2 2
3 Mattias Samuelsson Mark Friedman 16 1 2 2
4 Ryan Murphy Jack Dougherty 9 1 2 2
PowerPlay Forward
Center Left Wing Right Wing Time % Phy DF OF
1 Zach Aston-Reese Michael Carcone Anthony Duclair 50 1 1 3
2 Drake Caggiula Joseph Blandisi Matteson Iacopelli 50 1 2 2
PowerPlay Defense
Defense Defense Time % Phy DF OF
1 Ryan Murphy Jack Dougherty 50 1 2 2
2 Jonathan Racine Keaton Middleton 50 1 2 2
Penalty Kill 4 Players Forward
Center Wing Time % Phy DF OF
1 Drake Caggiula Joseph Blandisi 60 1 3 1
2 Jared McCann Tyler Motte 40 1 3 1
Penalty Kill 4 Players Defense
Defense Defense Time % Phy DF OF
1 Ryan Murphy Jack Dougherty 60 1 2 2
2 Jonathan Racine Keaton Middleton 40 1 2 2
Penalty Kill - 3 Players Forward
Forward Time % Phy DF OF
1 Drake Caggiula 60 1 3 1
2 Jared McCann 40 1 3 1
Penalty Kill - 3 Players Defense
Defense Defense Time % Phy DF OF
1 Ryan Murphy Jack Dougherty 60 1 3 1
2 Jonathan Racine Keaton Middleton 40 1 3 1
4 vs 4 Forward
Center Wing Time % Phy DF OF
1 Drake Caggiula Joseph Blandisi 55 1 2 2
2 Jared McCann Anthony Duclair 45 1 2 2
4 vs 4 Defense
Defense Defense Time % Phy DF OF
1 Ryan Murphy Jack Dougherty 50 1 2 2
2 Jonathan Racine Keaton Middleton 50 1 2 2
Last Minutes Offensive
Center Left Wing Right Wing Defense Defense
Drake Caggiula Joseph Blandisi Anthony Duclair Ryan Murphy Jack Dougherty
Last Minutes Defensive
Center Left Wing Right Wing Defense Defense
Jared McCann Tyler Motte Anthony Duclair Ryan Murphy Jack Dougherty
Goaltenders
Starting : Adin Hill
Backup : Daniel Altshuller
Extra Forwards
Normal : Drake Caggiula, Joseph Blandisi, Anthony Duclair - PP : Gabriel Vilardi, Matteson Iacopelli - PK : Gabriel Vilardi
Extra Defensemen
Normal : Keaton Middleton, Jonathan Racine, Ryan Murphy - PP : Keaton Middleton - PK : Keaton Middleton, Mark Friedman
Penalty Shots
Anthony Duclair, Gabriel Vilardi, Jared McCann, Zach Aston-Reese, Michael Dal Colle
Custom OT Lines Forwards
Anthony Duclair, Joseph Blandisi, Drake Caggiula, Jared McCann, Zach Aston-Reese, Tyler Motte, Michael Carcone, Sam Steel, Matteson Iacopelli, Gabriel Vilardi
Custom OT Lines Defensemen
Ryan Murphy, Jack Dougherty, Jonathan Racine, Keaton Middleton, Mattias Samuelsson
Scratches
Connor Carrick (Torn Left ACL Injury), Dominik Kubalik (Healthy), Kevin Bahl (Healthy), Tyler Tucker (Healthy), Xavier Ouellet (Healthy)
Alexander Nylander (Healthy), Pius Suter (Healthy), Max Lajoie (Healthy), Pascal Laberge (Healthy), Marian Studenic (Healthy)
Walker Duehr (Healthy), Zachary Emond (Healthy)
Rampage
5 vs 5 Forward
Center Left Wing Right Wing Time % Phy DF OF
1 Rourke Chartier Dominik Simon Joachim Blichfeld 40 1 2 2
2 Anthony Richard Pierre Engvall Jordan Kyrou 30 1 2 2
3 Zach Stepan Artturi Lehkonen Dylan Sikura 20 1 2 2
4 Rasmus Kupari Paul Cotter Emil Bemstrom 10 1 2 2
5 vs 5 Defense
Defense Defense Time % Phy DF OF
1 Jeremy Lauzon Ethan Bear 40 1 2 2
2 Dylan Blujus Henri Jokiharju 30 1 2 2
3 Frederic Allard Matt Roy 20 1 2 2
4 Matt Roy Dylan Blujus 10 1 2 2
PowerPlay Forward
Center Left Wing Right Wing Time % Phy DF OF
1 Rourke Chartier Dominik Simon Jordan Kyrou 60 1 2 2
2 Anthony Richard Paul Cotter Joachim Blichfeld 40 1 2 2
PowerPlay Defense
Defense Defense Time % Phy DF OF
1 Ethan Bear Jeremy Lauzon 60 1 2 2
2 Henri Jokiharju Matt Roy 40 1 2 2
Penalty Kill 4 Players Forward
Center Wing Time % Phy DF OF
1 Rasmus Kupari Pierre Engvall 60 1 2 2
2 Zach Stepan Dylan Sikura 40 1 2 2
Penalty Kill 4 Players Defense
Defense Defense Time % Phy DF OF
1 Henri Jokiharju Dylan Blujus 60 1 2 2
2 Ethan Bear Jeremy Lauzon 40 1 2 2
Penalty Kill - 3 Players Forward
Forward Time % Phy DF OF
1 Rasmus Kupari 60 1 2 2
2 Pierre Engvall 40 1 2 2
Penalty Kill - 3 Players Defense
Defense Defense Time % Phy DF OF
1 Henri Jokiharju Dylan Blujus 60 1 2 2
2 Jeremy Lauzon Ethan Bear 40 1 2 2
4 vs 4 Forward
Center Wing Time % Phy DF OF
1 Rourke Chartier Dominik Simon 60 1 2 2
2 Zach Stepan Pierre Engvall 40 1 2 2
4 vs 4 Defense
Defense Defense Time % Phy DF OF
1 Matt Roy Ethan Bear 60 1 2 2
2 Dylan Blujus Jeremy Lauzon 40 1 2 2
Last Minutes Offensive
Center Left Wing Right Wing Defense Defense
Rourke Chartier Dominik Simon Joachim Blichfeld Jeremy Lauzon Ethan Bear
Last Minutes Defensive
Center Left Wing Right Wing Defense Defense
Rasmus Kupari Pierre Engvall Dylan Sikura Henri Jokiharju Dylan Blujus
Goaltenders
Starting : Jake Oettinger
Backup : Magnus Hellberg
Extra Forwards
Normal : Dominik Simon, Dylan Sikura, Zach Stepan - PP : Rasmus Kupari, Jordan Kyrou - PK : Artturi Lehkonen
Extra Defensemen
Normal : Dylan Blujus, Ethan Bear, Henri Jokiharju - PP : Matt Roy - PK : Frederic Allard, Matt Roy
Penalty Shots
Jordan Kyrou, Rourke Chartier, Anthony Richard, Joachim Blichfeld, Dylan Sikura
Custom OT Lines Forwards
Dominik Simon, Pierre Engvall, Rourke Chartier, Jordan Kyrou, Dylan Sikura, Anthony Richard, Joachim Blichfeld, Zach Stepan, Artturi Lehkonen, Paul Cotter
Custom OT Lines Defensemen
Ethan Bear, Dylan Blujus, Jeremy Lauzon, Matt Roy, Henri Jokiharju
Scratches
Nathan Smith (Healthy), Calen Addison (Healthy), Sami Niku (Healthy), Warren Foegele (Healthy), Trent Frederic (Groin Injury)
Trey Fix-Wolansky (Healthy), Emil Larmi (Healthy)
% Time on Ice - Eagles
Lines # - Real PCT - Wanted PCT - Time Play
Normal Forward
1 - 30% - 36% - 14:32
2 - 30% - 31% - 14:33
3 - 23% - 20% - 11:02
4 - 16% - 13% - 7:44
Normal Defense
1 - 35% - 38% - 16:42
2 - 36% - 37% - 17:21
3 - 25% - 16% - 11:45
4 - 4% - 9% - 2:03
PP Forward
1 - 49% - 50% - 3:03
2 - 51% - 50% - 3:09
PP Defense
1 - 63% - 50% - 3:54
2 - 37% - 50% - 2:18
PK Forward
1 - 77% - 60% - 4:36
2 - 23% - 40% - 1:21
PK Defense
1 - 71% - 60% - 4:14
2 - 29% - 40% - 1:43
PK3 Forward
1 - 0% - 60%
2 - 0% - 40%
PK3 Defense
1 - 0% - 60%
2 - 0% - 40%
44 Forward
1 - 0% - 55%
2 - 0% - 45%
44 Defense
1 - 0% - 50%
2 - 0% - 50%
Last Minute Offensive - 0:00
Last Minute Defensive - 0:00
Total
Forward - 60:00
Defense - 60:00
|
% Time on Ice - Rampage
Lines # - Real PCT - Wanted PCT - Time Play
Normal Forward
1 - 37% - 40% - 17:50
2 - 29% - 30% - 13:39
3 - 22% - 20% - 10:18
4 - 13% - 10% - 6:04
Normal Defense
1 - 38% - 40% - 18:21
2 - 28% - 30% - 13:35
3 - 25% - 20% - 11:54
4 - 8% - 10% - 4:01
PP Forward
1 - 54% - 60% - 3:14
2 - 46% - 40% - 2:43
PP Defense
1 - 61% - 60% - 3:39
2 - 39% - 40% - 2:18
PK Forward
1 - 73% - 60% - 4:33
2 - 27% - 40% - 1:39
PK Defense
1 - 53% - 60% - 3:17
2 - 47% - 40% - 2:55
PK3 Forward
1 - 0% - 60%
2 - 0% - 40%
PK3 Defense
1 - 0% - 60%
2 - 0% - 40%
44 Forward
1 - 0% - 60%
2 - 0% - 40%
44 Defense
1 - 0% - 60%
2 - 0% - 40%
Last Minute Offensive - 0:00
Last Minute Defensive - 0:00
Total
Forward - 60:00
Defense - 60:00
|
Play-by-Play
1st period
0:01 of 1st period - Rourke Chartier wins face-off versus Jared McCann in neutral zone.
0:04 of 1st period - Jared McCann is hit by Rourke Chartier and loses puck.
0:59 of 1st period - Snap shot by Zach Aston-Reese.
0:59 of 1st period - Stopped by Jake Oettinger with a rebound.
1:21 of 1st period - Snap shot by Emil Bemstrom.
1:21 of 1st period - Stopped by Adin Hill with a rebound.
1:39 of 1st period - Backhand shot by Rourke Chartier.
1:39 of 1st period - Stopped by Adin Hill with a rebound.
1:54 of 1st period - Snap shot by Joseph Blandisi.
1:54 of 1st period - Shot Misses the Net.
2:42 of 1st period - Michael Dal Colle is hit by Jeremy Lauzon and loses puck.
2:47 of 1st period - Wrist shot by Joachim Blichfeld.
2:47 of 1st period - Shot Misses the Net.
2:49 of 1st period - Snap shot by Joachim Blichfeld.
2:49 of 1st period - Shot Misses the Net.
3:23 of 1st period - Snap shot by Drake Caggiula.
3:23 of 1st period - Stopped by Jake Oettinger with a rebound.
3:46 of 1st period - Icing by Joachim Blichfeld.
3:47 of 1st period - Zach Aston-Reese wins face-off versus Rourke Chartier in Rampage zone.
4:49 of 1st period - Minor Penalty to Ethan Bear for Roughing.
4:50 of 1st period - Pierre Engvall wins face-off versus Zach Aston-Reese in Rampage zone.
6:49 of 1st period - Penalty to Ethan Bear is over, Ethan Bear is back on ice.
6:56 of 1st period - Keaton Middleton is hit by Joachim Blichfeld and loses puck.
7:27 of 1st period - Gabriel Vilardi is hit by Dylan Sikura and loses puck.
7:52 of 1st period - Frederic Allard is hit by Mattias Samuelsson and loses puck.
8:19 of 1st period - Joseph Blandisi is hit by Jordan Kyrou and loses puck.
8:29 of 1st period - Icing by Matt Roy.
8:30 of 1st period - Drake Caggiula wins face-off versus Anthony Richard in Rampage zone.
9:14 of 1st period - Tyler Motte is hit by Pierre Engvall and loses puck.
9:25 of 1st period - Snap shot by Jordan Kyrou.
9:25 of 1st period - Shot Blocked by Sam Steel.
9:27 of 1st period - Wrist shot by Anthony Richard.
9:27 of 1st period - Stopped by Adin Hill without a rebound.
9:28 of 1st period - Jared McCann wins face-off versus Rourke Chartier in Eagles zone.
9:35 of 1st period - Dominik Simon is hit by Jared McCann and loses puck.
10:14 of 1st period - Icing by Rasmus Kupari.
10:15 of 1st period - Zach Aston-Reese wins face-off versus Rasmus Kupari in Rampage zone.
10:16 of 1st period - Snap shot by Michael Dal Colle.
10:16 of 1st period - Stopped by Jake Oettinger with a rebound.
10:18 of 1st period - Snap shot by Zach Aston-Reese.
10:18 of 1st period - Shot Blocked by Henri Jokiharju.
10:20 of 1st period - Snap shot by Chris Calhan.
10:20 of 1st period - Stopped by Jake Oettinger without a rebound.
10:21 of 1st period - Rourke Chartier wins face-off versus Jared McCann in Rampage zone.
10:26 of 1st period - Slapshot by Ethan Bear.
10:26 of 1st period - Stopped by Adin Hill without a rebound.
10:27 of 1st period - Jared McCann wins face-off versus Rourke Chartier in Eagles zone.
10:54 of 1st period - Backhand shot by Drake Caggiula.
10:54 of 1st period - Shot Misses the Net.
11:38 of 1st period - Slapshot by Tyler Motte.
11:38 of 1st period - Stopped by Jake Oettinger with a rebound.
13:04 of 1st period - Slapshot by Zach Aston-Reese.
13:04 of 1st period - Shot Misses the Net.
13:22 of 1st period - Snap shot by Dominik Simon.
13:22 of 1st period - Shot Misses the Net.
15:12 of 1st period - Wrist shot by Dominik Simon.
15:12 of 1st period - Stopped by Adin Hill with a rebound.
15:14 of 1st period - Wrist shot by Dominik Simon.
15:14 of 1st period - Shot Misses the Net.
15:16 of 1st period - Snap shot by Joachim Blichfeld.
15:16 of 1st period - Stopped by Adin Hill with a rebound.
15:43 of 1st period - Wrist shot by Anthony Duclair.
15:43 of 1st period - Deflect By Jared McCann.
15:43 of 1st period - Stopped by Jake Oettinger without a rebound.
15:44 of 1st period - Joseph Blandisi wins face-off versus Anthony Richard in Rampage zone.
15:49 of 1st period - Snap shot by Joseph Blandisi.
15:49 of 1st period - Stopped by Jake Oettinger with a rebound.
16:36 of 1st period - Dylan Blujus is hit by Michael Dal Colle and loses puck.
16:45 of 1st period - Jack Dougherty is hit by Henri Jokiharju and loses puck.
17:08 of 1st period - Dylan Blujus is hit by Mark Friedman and loses puck.
17:23 of 1st period - Slapshot by Anthony Duclair.
17:23 of 1st period - Stopped by Jake Oettinger with a rebound.
17:25 of 1st period - Wrist shot by Joseph Blandisi.
17:25 of 1st period - Stopped by Jake Oettinger with a rebound.
17:27 of 1st period - Slapshot by Anthony Duclair.
17:27 of 1st period - Goal by Anthony Duclair - Eagles : 1 - Rampage : 0.
17:28 of 1st period - Jared McCann wins face-off versus Rourke Chartier in neutral zone.
17:39 of 1st period - Snap shot by Anthony Duclair.
17:39 of 1st period - Stopped by Jake Oettinger with a rebound.
18:23 of 1st period - Slapshot by Rourke Chartier.
18:23 of 1st period - Stopped by Adin Hill with a rebound.
18:25 of 1st period - Wrist shot by Dominik Simon.
18:25 of 1st period - Stopped by Adin Hill with a rebound.
18:27 of 1st period - Slapshot by Jeremy Lauzon.
18:27 of 1st period - Stopped by Adin Hill without a rebound.
18:28 of 1st period - Anthony Richard wins face-off versus Jared McCann in Eagles zone.
18:42 of 1st period - Snap shot by Ryan Murphy.
18:42 of 1st period - Shot Blocked by Dylan Blujus.
18:54 of 1st period - Michael Carcone is hit by Dylan Sikura and loses puck.
19:15 of 1st period - Snap shot by Chris Calhan.
19:15 of 1st period - Shot Misses the Net.
19:17 of 1st period - Slapshot by Jonathan Racine.
19:17 of 1st period - Stopped by Jake Oettinger with a rebound.
19:19 of 1st period - Snap shot by Michael Dal Colle.
19:19 of 1st period - Stopped by Jake Oettinger with a rebound.
19:21 of 1st period - Slapshot by Jonathan Racine.
19:21 of 1st period - Deflect By Frederic Allard.
19:21 of 1st period - Stopped by Jake Oettinger with a rebound.
Goals for this period are 1 for Eagles vs 0 for Rampage.
Shots for this period are 14 for Eagles vs 9 for Rampage.
2nd period
0:01 of 2nd period - Rourke Chartier wins face-off versus Jared McCann in neutral zone.
0:08 of 2nd period - Snap shot by Jared McCann.
0:08 of 2nd period - Stopped by Jake Oettinger with a rebound.
0:10 of 2nd period - Slapshot by Anthony Duclair.
0:10 of 2nd period - Stopped by Jake Oettinger without a rebound.
0:11 of 2nd period - Jared McCann wins face-off versus Rourke Chartier in Rampage zone.
0:38 of 2nd period - Jordan Kyrou is hit by Jack Dougherty.
1:03 of 2nd period - Jack Dougherty is hit by Henri Jokiharju and loses puck.
1:22 of 2nd period - Jack Dougherty is hit by Rourke Chartier.
1:26 of 2nd period - Wrist shot by Zach Aston-Reese.
1:26 of 2nd period - Shot Hit the Post.
1:28 of 2nd period - Backhand shot by Jack Dougherty.
1:28 of 2nd period - Shot Blocked by Dominik Simon.
1:30 of 2nd period - Slapshot by Zach Aston-Reese.
1:30 of 2nd period - Shot Misses the Net.
1:32 of 2nd period - Wrist shot by Chris Calhan.
1:32 of 2nd period - Shot Misses the Net.
1:34 of 2nd period - Slapshot by Ryan Murphy.
1:34 of 2nd period - Deflect By Matt Roy.
1:34 of 2nd period - Stopped by Jake Oettinger without a rebound.
1:35 of 2nd period - Jared McCann wins face-off versus Anthony Richard in Rampage zone.
2:07 of 2nd period - Icing by Mark Friedman.
2:08 of 2nd period - Rourke Chartier wins face-off versus Drake Caggiula in Eagles zone.
2:18 of 2nd period - Slapshot by Joachim Blichfeld.
2:18 of 2nd period - Stopped by Adin Hill with a rebound.
2:49 of 2nd period - Minor Penalty to Gabriel Vilardi for Holding.
2:50 of 2nd period - Anthony Richard wins face-off versus Drake Caggiula in Eagles zone.
4:49 of 2nd period - Penalty to Gabriel Vilardi is over, Gabriel Vilardi is back on ice.
5:12 of 2nd period - Tyler Motte is hit by Dylan Blujus and loses puck.
5:55 of 2nd period - Dylan Blujus is hit by Gabriel Vilardi and loses puck.
6:16 of 2nd period - Off-side.
6:17 of 2nd period - Zach Stepan wins face-off versus Matteson Iacopelli in neutral zone.
6:22 of 2nd period - Slapshot by Zach Stepan.
6:22 of 2nd period - Stopped by Adin Hill with a rebound.
6:24 of 2nd period - Snap shot by Dylan Sikura.
6:24 of 2nd period - Stopped by Adin Hill with a rebound.
6:26 of 2nd period - Backhand shot by Dylan Sikura.
6:26 of 2nd period - Shot Blocked by Mattias Samuelsson.
6:36 of 2nd period - Mark Friedman is hit by Emil Bemstrom and loses puck.
6:49 of 2nd period - Snap shot by Matteson Iacopelli.
6:49 of 2nd period - Stopped by Jake Oettinger with a rebound.
6:51 of 2nd period - Slapshot by Mattias Samuelsson.
6:51 of 2nd period - Stopped by Jake Oettinger with a rebound.
6:53 of 2nd period - Slapshot by Tyler Motte.
6:53 of 2nd period - Stopped by Jake Oettinger without a rebound.
6:54 of 2nd period - Jared McCann wins face-off versus Rourke Chartier in Rampage zone.
7:09 of 2nd period - Slapshot by Joachim Blichfeld.
7:09 of 2nd period - Stopped by Adin Hill with a rebound.
7:21 of 2nd period - Jonathan Racine is hit by Artturi Lehkonen and loses puck.
7:44 of 2nd period - Pierre Engvall is hit by Drake Caggiula.
7:48 of 2nd period - Dylan Blujus is hit by Drake Caggiula and loses puck.
8:33 of 2nd period - Slapshot by Artturi Lehkonen.
8:33 of 2nd period - Stopped by Adin Hill with a rebound.
8:35 of 2nd period - Slapshot by Frederic Allard.
8:35 of 2nd period - Stopped by Adin Hill with a rebound.
8:37 of 2nd period - Slapshot by Matt Roy.
8:37 of 2nd period - Deflect By Zach Stepan.
8:37 of 2nd period - Stopped by Adin Hill without a rebound.
8:38 of 2nd period - Drake Caggiula wins face-off versus Dominik Simon in Eagles zone.
8:53 of 2nd period - Snap shot by Gabriel Vilardi.
8:53 of 2nd period - Stopped by Jake Oettinger with a rebound.
9:03 of 2nd period - Pierre Engvall is hit by Joseph Blandisi and loses puck.
9:50 of 2nd period - Wrist shot by Dylan Sikura.
9:50 of 2nd period - Shot Misses the Net.
10:06 of 2nd period - Snap shot by Dominik Simon.
10:06 of 2nd period - Stopped by Adin Hill without a rebound.
10:07 of 2nd period - Joachim Blichfeld wins face-off versus Jared McCann in Eagles zone.
10:36 of 2nd period - Slapshot by Anthony Duclair.
10:36 of 2nd period - Stopped by Jake Oettinger without a rebound.
10:37 of 2nd period - Anthony Richard wins face-off versus Drake Caggiula in Rampage zone.
10:46 of 2nd period - Keaton Middleton is hit by Jordan Kyrou and loses puck.
10:54 of 2nd period - Slapshot by Dylan Blujus.
10:54 of 2nd period - Shot Misses the Net.
11:20 of 2nd period - Snap shot by Jordan Kyrou.
11:20 of 2nd period - Stopped by Adin Hill without a rebound.
11:21 of 2nd period - Rourke Chartier wins face-off versus Jared McCann in Eagles zone.
11:38 of 2nd period - Wrist shot by Rourke Chartier.
11:38 of 2nd period - Shot Misses the Net.
11:48 of 2nd period - Zach Stepan is hit by Jonathan Racine and loses puck.
12:40 of 2nd period - Slapshot by Joachim Blichfeld.
12:40 of 2nd period - Shot Misses the Net.
12:52 of 2nd period - Slapshot by Anthony Richard.
12:52 of 2nd period - Deflect By Jordan Kyrou.
12:52 of 2nd period - Shot Misses the Net.
12:52 of 2nd period - Puck is out of play.
12:53 of 2nd period - Drake Caggiula wins face-off versus Anthony Richard in Eagles zone.
12:58 of 2nd period - Drake Caggiula is hit by Henri Jokiharju and loses puck.
13:07 of 2nd period - Wrist shot by Anthony Richard.
13:07 of 2nd period - Shot Misses the Net.
13:21 of 2nd period - Slapshot by Anthony Richard.
13:21 of 2nd period - Shot Blocked by Drake Caggiula.
13:23 of 2nd period - Slapshot by Ethan Bear.
13:23 of 2nd period - Shot Blocked by Michael Carcone.
13:25 of 2nd period - Slapshot by Jeremy Lauzon.
13:25 of 2nd period - Stopped by Adin Hill without a rebound.
13:26 of 2nd period - Anthony Duclair wins face-off versus Rourke Chartier in Eagles zone.
13:58 of 2nd period - Minor Penalty to Artturi Lehkonen for Hooking.
13:59 of 2nd period - Zach Aston-Reese wins face-off versus Rasmus Kupari in Rampage zone.
15:19 of 2nd period - Jonathan Racine is hit by Pierre Engvall and loses puck.
15:56 of 2nd period - Jack Dougherty is hit by Dominik Simon and loses puck.
15:58 of 2nd period - Penalty to Artturi Lehkonen is over, Artturi Lehkonen is back on ice.
16:13 of 2nd period - Slapshot by Joachim Blichfeld.
16:13 of 2nd period - Stopped by Adin Hill with a rebound.
18:47 of 2nd period - Minor Penalty to Jack Dougherty for Tripping.
18:48 of 2nd period - Rourke Chartier wins face-off versus Joseph Blandisi in Eagles zone.
19:19 of 2nd period - Wrist shot by Joachim Blichfeld.
19:19 of 2nd period - Stopped by Adin Hill with a rebound.
19:21 of 2nd period - Snap shot by Paul Cotter.
19:21 of 2nd period - Shot Misses the Net.
19:23 of 2nd period - Wrist shot by Matt Roy.
19:23 of 2nd period - Shot Misses the Net.
19:25 of 2nd period - Slapshot by Joachim Blichfeld.
19:25 of 2nd period - Shot Blocked by Keaton Middleton.
19:27 of 2nd period - Slapshot by Henri Jokiharju.
19:27 of 2nd period - Shot Hit the Post.
Goals for this period are 0 for Eagles vs 0 for Rampage.
Shots for this period are 8 for Eagles vs 12 for Rampage.
3rd period
0:01 of 3rd period - Drake Caggiula wins face-off versus Rourke Chartier in neutral zone.
0:33 of 3rd period - Ryan Murphy is hit by Joachim Blichfeld.
0:37 of 3rd period - Slapshot by Jared McCann.
0:37 of 3rd period - Stopped by Jake Oettinger with a rebound.
0:47 of 3rd period - Penalty to Jack Dougherty is over, Jack Dougherty is back on ice.
1:01 of 3rd period - Snap shot by Dylan Sikura.
1:01 of 3rd period - Shot Misses the Net.
1:03 of 3rd period - Snap shot by Dylan Sikura.
1:03 of 3rd period - Stopped by Adin Hill with a rebound.
1:13 of 3rd period - Wrist shot by Chris Calhan.
1:13 of 3rd period - Stopped by Jake Oettinger with a rebound.
1:15 of 3rd period - Slapshot by Keaton Middleton.
1:15 of 3rd period - Shot Blocked by Dylan Blujus.
1:17 of 3rd period - Snap shot by Ryan Murphy.
1:17 of 3rd period - Stopped by Jake Oettinger without a rebound.
1:18 of 3rd period - Rourke Chartier wins face-off versus Drake Caggiula in Rampage zone.
1:28 of 3rd period - Mattias Samuelsson is hit by Dominik Simon and loses puck.
1:45 of 3rd period - Matt Roy is hit by Anthony Duclair and loses puck.
1:46 of 3rd period - Matt Roy from Rampage is injured at 1:46 of 3rd period (Broken Bone (Left Foot)).
1:47 of 3rd period - Jared McCann wins face-off versus Rourke Chartier in Rampage zone.
1:50 of 3rd period - Snap shot by Anthony Duclair.
1:50 of 3rd period - Shot Misses the Net.
1:52 of 3rd period - Wrist shot by Anthony Duclair.
1:52 of 3rd period - Shot Misses the Net.
1:54 of 3rd period - Wrist shot by Anthony Duclair.
1:54 of 3rd period - Shot Misses the Net.
1:56 of 3rd period - Snap shot by Jonathan Racine.
1:56 of 3rd period - Stopped by Jake Oettinger with a rebound.
1:58 of 3rd period - Wrist shot by Joseph Blandisi.
1:58 of 3rd period - Shot Misses the Net.
2:04 of 3rd period - Wrist shot by Anthony Duclair.
2:04 of 3rd period - Shot Misses the Net.
2:25 of 3rd period - Slapshot by Jeremy Lauzon.
2:25 of 3rd period - Shot Blocked by Keaton Middleton.
2:42 of 3rd period - Icing by Henri Jokiharju.
2:43 of 3rd period - Zach Stepan wins face-off versus Jared McCann in Rampage zone.
2:50 of 3rd period - Joseph Blandisi is hit by Zach Stepan and loses puck.
2:59 of 3rd period - Snap shot by Joseph Blandisi.
2:59 of 3rd period - Deflect By Anthony Duclair.
2:59 of 3rd period - Stopped by Jake Oettinger with a rebound.
3:19 of 3rd period - Wrist shot by Chris Calhan.
3:19 of 3rd period - Stopped by Jake Oettinger with a rebound.
3:33 of 3rd period - Wrist shot by Gabriel Vilardi.
3:33 of 3rd period - Deflect By Michael Carcone.
3:33 of 3rd period - Stopped by Jake Oettinger without a rebound.
3:34 of 3rd period - Michael Carcone wins face-off versus Rourke Chartier in Rampage zone.
3:45 of 3rd period - Slapshot by Gabriel Vilardi.
3:45 of 3rd period - Shot Misses the Net.
3:47 of 3rd period - Slapshot by Jonathan Racine.
3:47 of 3rd period - Stopped by Jake Oettinger with a rebound.
3:49 of 3rd period - Snap shot by Michael Carcone.
3:49 of 3rd period - Shot Blocked by Ethan Bear.
3:51 of 3rd period - Slapshot by Ryan Murphy.
3:51 of 3rd period - Shot Blocked by Jeremy Lauzon.
3:53 of 3rd period - Wrist shot by Michael Carcone.
3:53 of 3rd period - Stopped by Jake Oettinger without a rebound.
3:54 of 3rd period - Jared McCann wins face-off versus Anthony Richard in Rampage zone.
4:21 of 3rd period - Rourke Chartier is hit by Jack Dougherty and loses puck.
4:30 of 3rd period - Ryan Murphy is hit by Jeremy Lauzon and loses puck.
5:30 of 3rd period - Wrist shot by Jordan Kyrou.
5:30 of 3rd period - Stopped by Adin Hill without a rebound.
5:31 of 3rd period - Rourke Chartier wins face-off versus Jared McCann in Eagles zone.
5:41 of 3rd period - Slapshot by Frederic Allard.
5:41 of 3rd period - Shot Misses the Net.
5:45 of 3rd period - Snap shot by Dominik Simon.
5:45 of 3rd period - Deflect By Anthony Duclair.
5:45 of 3rd period - Shot Misses the Net.
5:45 of 3rd period - Puck is out of play.
5:46 of 3rd period - Michael Carcone wins face-off versus Anthony Richard in Eagles zone.
5:55 of 3rd period - Icing by Michael Carcone.
5:56 of 3rd period - Drake Caggiula wins face-off versus Anthony Richard in Eagles zone.
6:35 of 3rd period - Snap shot by Anthony Richard.
6:35 of 3rd period - Stopped by Adin Hill with a rebound.
6:37 of 3rd period - Slapshot by Henri Jokiharju.
6:37 of 3rd period - Shot Blocked by Michael Carcone.
6:39 of 3rd period - Slapshot by Pierre Engvall.
6:39 of 3rd period - Shot Misses the Net.
7:18 of 3rd period - Gabriel Vilardi is hit by Pierre Engvall and loses puck.
7:25 of 3rd period - Slapshot by Jordan Kyrou.
7:25 of 3rd period - Shot Misses the Net.
7:27 of 3rd period - Slapshot by Anthony Richard.
7:27 of 3rd period - Rampage goal is going for a video replay.
7:27 of 3rd period - The goal is refused. The referee deems the play has been stopped, even if he had not physically had the opportunity to stop play by blowing his whistle..
7:28 of 3rd period - Jared McCann wins face-off versus Rourke Chartier in Eagles zone.
7:28 of 3rd period - Jared McCann is hit by Joachim Blichfeld.
7:41 of 3rd period - Off-side.
7:42 of 3rd period - Rourke Chartier wins face-off versus Jared McCann in neutral zone.
8:04 of 3rd period - Minor Penalty to Rourke Chartier for Hooking.
8:05 of 3rd period - Zach Aston-Reese wins face-off versus Rasmus Kupari in Rampage zone.
8:12 of 3rd period - Slapshot by Anthony Duclair.
8:12 of 3rd period - Deflect By Zach Aston-Reese.
8:12 of 3rd period - Shot Misses the Net.
8:12 of 3rd period - Puck is out of play.
8:13 of 3rd period - Michael Carcone wins face-off versus Rasmus Kupari in Rampage zone.
8:46 of 3rd period - Slapshot by Joseph Blandisi.
8:46 of 3rd period - Shot Blocked by Jeremy Lauzon.
10:04 of 3rd period - Penalty to Rourke Chartier is over, Rourke Chartier is back on ice.
10:04 of 3rd period - Jack Dougherty is hit by Dylan Sikura.
10:37 of 3rd period - Mark Friedman is hit by Ethan Bear and loses puck.
10:56 of 3rd period - Jack Dougherty is hit by Dylan Sikura and loses puck.
11:30 of 3rd period - Wrist shot by Anthony Duclair.
11:30 of 3rd period - Stopped by Jake Oettinger without a rebound.
11:31 of 3rd period - Rourke Chartier wins face-off versus Zach Aston-Reese in Rampage zone.
11:41 of 3rd period - Snap shot by Ryan Murphy.
11:41 of 3rd period - Shot Misses the Net.
11:43 of 3rd period - Slapshot by Jonathan Racine.
11:43 of 3rd period - Stopped by Jake Oettinger with a rebound.
12:04 of 3rd period - Icing by Jonathan Racine.
12:05 of 3rd period - Drake Caggiula wins face-off versus Anthony Richard in Eagles zone.
12:05 of 3rd period - Drake Caggiula is hit by Anthony Richard.
12:37 of 3rd period - Snap shot by Chris Calhan.
12:37 of 3rd period - Stopped by Jake Oettinger with a rebound.
12:39 of 3rd period - Slapshot by Zach Aston-Reese.
12:39 of 3rd period - Shot Misses the Net.
12:51 of 3rd period - Zach Stepan is hit by Tyler Motte and loses puck.
13:39 of 3rd period - Snap shot by Jordan Kyrou.
13:39 of 3rd period - Shot Misses the Net.
13:41 of 3rd period - Snap shot by Ethan Bear.
13:41 of 3rd period - Shot Blocked by Keaton Middleton.
13:59 of 3rd period - Keaton Middleton is hit by Rourke Chartier.
14:29 of 3rd period - Snap shot by Dylan Sikura.
14:29 of 3rd period - Stopped by Adin Hill with a rebound.
14:31 of 3rd period - Snap shot by Artturi Lehkonen.
14:31 of 3rd period - Goal by Artturi Lehkonen - Eagles : 1 - Rampage : 1.
14:32 of 3rd period - Drake Caggiula wins face-off versus Rourke Chartier in neutral zone.
14:59 of 3rd period - Icing by Rourke Chartier.
15:00 of 3rd period - Jared McCann wins face-off versus Rourke Chartier in Rampage zone.
15:07 of 3rd period - Wrist shot by Joseph Blandisi.
15:07 of 3rd period - Shot Misses the Net.
15:37 of 3rd period - Wrist shot by Rourke Chartier.
15:37 of 3rd period - Stopped by Adin Hill with a rebound.
15:39 of 3rd period - Snap shot by Dominik Simon.
15:39 of 3rd period - Deflect By Rourke Chartier.
15:39 of 3rd period - Shot Misses the Net.
15:39 of 3rd period - Puck is out of play.
15:40 of 3rd period - Zach Aston-Reese wins face-off versus Zach Stepan in Eagles zone.
15:42 of 3rd period - Minor Penalty to Michael Dal Colle for Interference.
15:43 of 3rd period - Drake Caggiula wins face-off versus Anthony Richard in Eagles zone.
16:55 of 3rd period - Anthony Richard is hit by Gabriel Vilardi and loses puck.
17:42 of 3rd period - Penalty to Michael Dal Colle is over, Michael Dal Colle is back on ice.
17:42 of 3rd period - Jared McCann is hit by Rasmus Kupari and loses puck.
17:58 of 3rd period - Slapshot by Tyler Motte.
17:58 of 3rd period - Stopped by Jake Oettinger with a rebound.
18:03 of 3rd period - Minor Penalty to Frederic Allard for Kneeing.
18:04 of 3rd period - Drake Caggiula wins face-off versus Rasmus Kupari in Rampage zone.
18:06 of 3rd period - Wrist shot by Matteson Iacopelli.
18:06 of 3rd period - Shot Blocked by Rasmus Kupari.
18:08 of 3rd period - Snap shot by Joseph Blandisi.
18:08 of 3rd period - Shot Misses the Net.
18:10 of 3rd period - Snap shot by Matteson Iacopelli.
18:10 of 3rd period - Stopped by Jake Oettinger without a rebound.
18:11 of 3rd period - Drake Caggiula wins face-off versus Rasmus Kupari in Rampage zone.
18:18 of 3rd period - Wrist shot by Joseph Blandisi.
18:18 of 3rd period - Goal by Joseph Blandisi - Eagles : 2 - Rampage : 1.
18:19 of 3rd period - Zach Aston-Reese wins face-off versus Zach Stepan in neutral zone.
18:26 of 3rd period - Wrist shot by Chris Calhan.
18:26 of 3rd period - Goal by Chris Calhan - Eagles : 3 - Rampage : 1.
18:27 of 3rd period - Zach Aston-Reese wins face-off versus Zach Stepan in neutral zone.
18:42 of 3rd period - Slapshot by Jeremy Lauzon.
18:42 of 3rd period - Shot Blocked by Jonathan Racine.
18:52 of 3rd period - Zach Aston-Reese is hit by Jeremy Lauzon and loses puck.
Goals for this period are 2 for Eagles vs 1 for Rampage.
Shots for this period are 16 for Eagles vs 7 for Rampage.